[Event "*** Titled Tuesday Blitz"]
[Site "Chess.com"]
[Date "2020.03.03"]
[Round "7"]
[White "IMDT02"]
[Black "ckgchess"]
[Result "0-1"]
[WhiteElo "2485"]
[BlackElo "2701"]
[TimeControl "180+1"]
[EndTime "10:13:41 PST"]
[Termination "ckgchess won by resignation"]

1. d4 Nf6 2. c4 c5 3. Nf3 cxd4 4. Nxd4 Nc6 5. Nc3 g6 6. g3 Bg7 7. Bg2 O-O 8. O-O Qc7 9. b3 d5 10. Ndb5 Qa5 11. cxd5 Rd8 12. e4 a6 13. Qc2 Nb4 14.
Qe2 axb5 15. Bd2 Nc2 16. Nxb5 Qa6 17. Rac1 Bd7 18. a4 Bxb5 19. axb5 Nd4 20. Qc4 Nxb5 21. Ra1 Na3 22. Qxa6 Rxa6 23. Bb4 Nc2 24. Rxa6 bxa6 25. Bxe7 Re8 26. d6 Nd4 27. Rd1 Nc6 28. Bxf6 Bxf6 29. f4 Nb8 30. e5 Bd8 31. Bd5 Kf8 32. Rc1 Nd7 33. Kg2 Nb6 34. Bc6 Re6 35. Rc5 f6 36. Bb7 fxe5 37. fxe5 Nd7 38. Rc8 Ke8 39. Bxa6 Rxe5 40. Bc4 Nb6 41. Rc6 Nxc4 42. bxc4 Kd7 43. Ra6 Rc5 44. Ra7+ Kxd6 45. Rxh7 Ke5 46. Rd7 Bf6 47.
h4 Rxc4 48. Kh3 Rc3 49. Rh7 Kf5 50. Rd7 Be5 51. Rf7+ Ke6 0-1

[Event "*** Titled Tuesday Blitz"]
[Site "Chess.com"]
[Date "2020.03.03"]
[Round "7"]
[White "aridannie"]
[Black "Roman_Ovetchkin"]
[Result "0-1"]
[WhiteElo "2422"]
[BlackElo "2629"]
[TimeControl "180+1"]
[EndTime "10:13:41 PST"]
[Termination "Roman_Ovetchkin won by resignation"]

1. e4 c6 2. d4 d5 3. Nd2 dxe4 4.
Nxe4 Bf5 5. Ng3 Bg6 6. h4 h6 7. Nf3 Nd7 8. h5 Bh7 9. Bd3 Bxd3 10. Qxd3 e6 11. Bd2 Ngf6 12. O-O-O Be7 13. Kb1 Qb6 14. Rhe1 O-O 15. Nf5 exf5 16. Rxe7 Qd8 17. Ree1 Ne4 18.
Be3 Ndf6 19. Ne5 Qd5 20. f3 Ng3 21. Bf2 Nfxh5 22. Bxg3 Nxg3 23. Qe3 Nh5 24. g4 f4 25. Qd2 Nf6 26. Qxf4 Qd6 27. g5 Nd5 28. Qg3 hxg5 29. Qg4 f6 30. Ng6 Rfe8 31. Qh5 Rxe1 32. Rxe1 Qg3 33.
Rc1 Rb8 34. Qh8+ Kf7 35. Qh5 Ke6 36. c4 Ne3 37. d5+ cxd5 38. cxd5+ Kd6 39. Qh1 Qf2 40. Qh3 Re8 41. Qg4 Nxg4 0-1

[Event "*** Titled Tuesday Blitz"]
[Site "Chess.com"]
[Date "2020.03.03"]
[Round "7"]
[White "Saloni1299"]
[Black "yoolund"]
[Result "0-1"]
[WhiteElo "2067"]
[BlackElo "2604"]
[TimeControl "180+1"]
[EndTime "10:13:43 PST"]
[Termination "yoolund won on time"]

1. e4 g6 2. d4 Bg7 3. Nc3 d6 4. f4 a6 5. Nf3 b5 6. a3 Nd7 7. Bd3 c5 8. Be3 Ngf6 9. h3 O-O 10. e5 Nh5 11. g4 cxd4 12. Bxd4 Nxf4 13. Be4 Rb8 14. exd6 Nf6 15. Qd2 Ne6 16. dxe7 Qxe7 17. Bxf6 Qxf6 18. O-O-O b4 19. axb4 Rxb4 20. g5 Qf4 21.
Qxf4 Nxf4 22. Bd5 Bf5 23. Bb3 Nd3+ 24. cxd3 Rxb3 25. Kc2 Rfb8 26. Rb1 Bxc3 27. bxc3 Rxb1 28. Rxb1 Bxd3+ 29. Kxd3 Rxb1 30. h4 a5 31. Kc2 Rf1 32.
Nd2 Rf4 33. c4 Kf8 34. Kb3 Rd4 35. Nb1 a4+ 0-1

[Event "*** Titled Tuesday Blitz"]
[Site "Chess.com"]
[Date "2020.03.03"]
[Round "7"]
[White "Indianlad"]
[Black "artooon"]
[Result "1-0"]
[WhiteElo "2949"]
[BlackElo "2757"]
[TimeControl "180+1"]
[EndTime "10:13:44 PST"]
[Termination "Indianlad won by resignation"]

1. c4 Nf6 2. Nc3 e6 3. e4 d5 4. e5 d4 5. exf6 dxc3 6. bxc3 Qxf6 7. d4 b6 8. Nf3 h6 9. Bd3 Bb7 10. Qe2 Nd7 11. Be4 Bxe4 12. Qxe4 Rd8 13. a4 Bd6 14. a5 O-O 15. O-O e5 16. Ba3 Rfe8 17. Bxd6 Qxd6 18. Rfe1 Nf6 19. Qb7 exd4 20. cxd4 bxa5 21. c5 Qd7 22. Rxe8+ Rxe8 23. Rxa5 Qxd4 24. g3 Qd1+ 25. Kg2 Nd5 26. Rxa7 g5 27. Qb2 f6 28. Ra1 Qd3 29. Ra3 Qe4 30. h3 h5 31. Kh2 g4 32.
hxg4 hxg4 33. Nh4 Qe1 34. Qd4 Re5 35. Qxg4+ Kf7 36. Qg6+ Ke6 37. Rf3 Kd7 38. Qd3 Qe2 39.
Qb3 Ke6 40. Kg2 Qe1 41. Ng6 Re2 42. Nf4+ 1-0

[Event "*** Titled Tuesday Blitz"]
[Site "Chess.com"]
[Date "2020.03.03"]
[Round "7"]
[White "Ginger_GM"]
[Black "kleinebeer98"]
[Result "0-1"]
[WhiteElo "2577"]
[BlackElo "2717"]
[TimeControl "180+1"]
[EndTime "10:13:44 PST"]
[Termination "kleinebeer98 won by resignation"]

1. e4 e5 2. f4 d5 3. exd5 exf4 4. Nf3 Nf6 5. Bc4 Bg4 6. Nc3 Bd6 7. O-O O-O 8. d4 Re8 9. Qd3 Nbd7 10. Bb3 a6 11. a4 Nf8 12. Ne5 Bxe5 13. dxe5 Rxe5 14. Bxf4 Rh5 15. d6 cxd6 16. Qxd6 Be6 17. Bxe6 Nxe6 18. Rad1 Qe8 19. Qb6 Nxf4 20. Rxf4 h6 21. Rff1 Ng4 22.
Rfe1 Qb8 23. Qd6 Qxd6 24. Rxd6 Nxh2 25. Rd7 Ng4 26. Rxb7 Rd8 27. Ne4 Re5 28. Kf1 Rde8 29. Rb6 f5 30. Nf6+ gxf6 31. Rxe5 fxe5 32. Rxa6 Ne3+ 33.
Kf2 Nxc2 34. Rxh6 e4 35. Rh5 e3+ 36. Kg3 e2 0-1

[Event "*** Titled Tuesday Blitz"]
[Site "Chess.com"]
[Date "2020.03.03"]
[Round "7"]
[White "norwaytoadog"]
[Black "Chessmatus"]
[Result "1-0"]
[WhiteElo "2257"]
[BlackElo "2367"]
[TimeControl "180+1"]
[EndTime "10:13:48 PST"]
[Termination "norwaytoadog won by checkmate"]

1. e4 c5 2. Nf3 d6 3. Bb5+ Nc6 4. Bxc6+ bxc6 5. O-O Bg4 6. h3 Bh5 7. g4 Bg6 8. e5 e6 9. exd6 Bxd6 10. d4 Qc7 11. Re1 Ne7 12. Nc3 cxd4 13. Qxd4 Rd8 14. Qxg7 Rg8 15.
Qh6 Nd5 16. Nxd5 cxd5 17. Bg5 Bc5 18. Ne5 Rb8 19. Rab1 Bxc2 20. Rbc1 Rxb2 21. Be3 Bb4 22. Re2 Qxe5 23. Rexc2 Rxc2 24. Rxc2 Kd7 25. Bf4 Qe1+ 26. Kh2 Rc8 27. Rxc8 Qxf2+ 28. Kh1 Qf3+ 29. Kh2 Kxc8 30. Qg5 Kd7 31. Qe5 Qc3 32. Qb8 Qc2+ 33. Kh1 Qc1+ 34.
Kh2 Qc6 35. Qxa7+ Kd8 36. Qb8+ Qc8 37. Qxb4 Qc2+ 38. Kg3 Qd3+ 39. Kh4 Ke8 40. Qb8+ Ke7 41. Bg5+ f6 42. Qc7+ Kf8 43. Qd8+ Kf7 44. Qxf6+ Kg8 45. Qxe6+ Kg7 46. Bh6+ Kh8 47. Qf6+ Kg8 48. Qg7# 1-0

[Event "*** Titled Tuesday Blitz"]
[Site "Chess.com"]
[Date "2020.03.03"]
[Round "7"]
[White "Omk124"]
[Black "MikaelyanArman"]
[Result "0-1"]
[WhiteElo "2452"]
[BlackElo "2646"]
[TimeControl "180+1"]
[EndTime "10:13:49 PST"]
[Termination "MikaelyanArman won by resignation"]

1. e4 d5 2. exd5 Qxd5 3. Nc3 Qd8 4. d4 Nf6 5. Nf3 g6 6. Be2 Bg7 7. O-O O-O 8. h3 b6 9. Bf4 Bb7 10. Qd2 Nc6 11. Rad1 e6 12. a3 Ne7 13. Bh2 Ned5 14. Ne5 Nxc3 15. Qxc3 Nd5 16. Qb3 Qh4 17. Bg3 Qe7 18.
c4 Nf6 19. Bf3 Ne4 20. Rfe1 f5 21. Bxe4 fxe4 22. Qe3 Rf5 23. b4 Raf8 24. Re2 c5 25.
bxc5 bxc5 26. Rb1 Rd8 27. Qb3 Ba8 28. Qb2 cxd4 29. Rd1 d3 30. Re3 Qc7 31. Ng4 Qxc4 32. Be5 Rxe5 33. Nxe5 Qd5 34. Qb4 Bxe5 35. f4 Bxf4 36.
Ree1 Qd4+ 37. Qxd4 Rxd4 38. Rf1 g5 39. g3 Bxg3 40. Kg2 Bf4 41. h4 e3+ 42. Kh3 e2 43. hxg5 Bf3 44. Rxf3 exd1=Q 45. Rf2 0-1

[Event "*** Titled Tuesday Blitz"]
[Site "Chess.com"]
[Date "2020.03.03"]
[Round "7"]
[White "Man-Chuk"]
[Black "Oleksandr_Bortnyk"]
[Result "0-1"]
[WhiteElo "2767"]
[BlackElo "2960"]
[TimeControl "180+1"]
[EndTime "10:13:50 PST"]
[Termination "Oleksandr_Bortnyk won on time"]

1. d4 d6 2. Nf3 Nf6 3. g3 g6 4.
Bg2 Bg7 5. O-O O-O 6. c4 Bf5 7.
Nc3 Ne4 8. Qb3 Nxc3 9. bxc3 Be4 10. a4 b6 11. c5 Nc6 12. cxd6 cxd6 13. Nd2 Na5 14.
Qa2 Bxg2 15. Kxg2 Rc8 16. Ba3 Rxc3 17. Bb4 Qa8+ 18. Kg1 Rc7 19. Bxa5 bxa5 20. e3 Rfc8 21. Rab1 h5 22. h4 a6 23. Rb2 Rc1 24. Qb3 Bf6 25.
Qb7 Rxf1+ 26. Kxf1 Rc1+ 27. Ke2 Qxb7 28. Rxb7 Ra1 29.
Ne4 Rxa4 30. Nxf6+ exf6 31. Rb6 Ra2+ 32. Kf3 Kf8 33.
Rxd6 Ke7 34. Rxa6 a4 35. e4 a3 36. Ra7+ Ke8 37. Ke3 Ra1 38. Kf4 a2 39. e5 g5+ 40.
hxg5 fxg5+ 41. Kxg5 h4 42. d5 h3 43. Kf6 h2 44. e6 fxe6 45. dxe6 h1=Q 46. Re7+ Kd8 47. Rd7+ Kc8 0-1

[Event "*** Titled Tuesday Blitz"]
[Site "Chess.com"]
[Date "2020.03.03"]
[Round "7"]
[White "csati17"]
[Black "Rish_97"]
[Result "1-0"]
[WhiteElo "2603"]
[BlackElo "2747"]
[TimeControl "180+1"]
[EndTime "10:13:50 PST"]
[Termination "csati17 won on time"]

1. c4 e5 2. g3 Nf6 3. Bg2 d5 4. cxd5 Nxd5 5. Nc3 Nb6 6. Nf3 Nc6 7. d3 Be7 8. O-O O-O 9. a3 a5 10. Be3 Be6 11.
Ne4 Nd5 12. Bc5 f6 13. Rc1 Rb8 14. d4 f5 15. Bxe7 Qxe7 16. Nc5 e4 17. Ng5 Bf7 18.
Nxf7 Qxf7 19. e3 Nd8 20. Qa4 c6 21. Rfe1 b6 22. Nb3 Qf6 23. f3 Ra8 24. Qc4 a4 25. Nd2 b5 26. Qa2 exf3 27. Bxf3 Kh8 28. Bxd5 cxd5 29.
Qxd5 Nf7 30. Rc6 Qg5 31. Nf3 Qg4 32. Rc7 Ng5 33. Nxg5 Qxg5 34. Qxb5 Rae8 35. Rf7 h6 36. Rxf8+ Rxf8 37. Qe5 Qg4 38. Rc1 Qf3 39. d5 Rd8 40. d6 Qe2 41. d7 Kh7 42. Qxf5+ Kh8 43. Rc8 Qe1+ 44. Kg2 1-0

[Event "*** Titled Tuesday Blitz"]
[Site "Chess.com"]
[Date "2020.03.03"]
[Round "7"]
[White "Danfii"]
[Black "Sjakkerntobi"]
[Result "1-0"]
[WhiteElo "2398"]
[BlackElo "2262"]
[TimeControl "180+1"]
[EndTime "10:13:50 PST"]
[Termination "Danfii won by checkmate"]

1. e4 c5 2. Nf3 e6 3. d4 cxd4 4. Nxd4 Nc6 5. Nc3 Qc7 6. Be3 a6 7. Qd2 Nf6 8. O-O-O Bb4 9. f3 b5 10. Nxc6 Qxc6 11. Bd4 Bb7 12. Kb1 Rc8 13. g4 O-O 14.
h4 d5 15. e5 Nd7 16. h5 Nc5 17. h6 g6 18. Qg5 f6 19. exf6 Kf7 20. Bd3 Nxd3 21.
Rxd3 Bc5 22. Re1 b4 23. Ne2 Bd6 24. Rd2 a5 25. Be5 Bxe5 26. Qxe5 Qc7 27. Nd4 Qxe5 28. Rxe5 Rfe8 29. g5 Rc4 30. Kc1 a4 31. Kd1 Ba6 32. Ke1 Rcc8 33. Kf2 Rc4 34. Ke3 Bc8 35. f4 Bd7 36.
Kf2 Rec8 37. Ke3 a3 38. b3 Rc3+ 39. Rd3 Rxc2 40. Nxc2 Rxc2 41. Rdxd5 exd5 42. Re7+ Kf8 43. Rxd7 Rxa2 44. Rxh7 Rb2 45. Rh8+ Kf7 46. Ra8 a2 47. h7 Rxb3+ 48. Kd4 Rh3 49. Rxa2 Rxh7 50. Ra7+ Kg8 51.
Ra8+ Kf7 52. Kxd5 Rh4 53. Ra7+ Ke8 54. Ke6 Kd8 55. f7 Rxf4 56. Ra8+ Kc7 57. f8=Q Rxf8 58.
Rxf8 b3 59. Rf3 b2 60. Rb3 b1=Q 61. Rxb1 Kc6 62. Kf6 Kc5 63. Kxg6 Kc4 64. Kf6 Kc3 65. Rh1 Kc2 66. g6 Kd2 67. g7 Ke2 68. g8=Q Ke3 69.
Qg3+ Ke4 70. Rh4+ Kd5 71. Qe5+ Kc6 72. Rc4+ Kd7 73. Qd5+ Ke8 74. Rc8# 1-0

[Event "*** Titled Tuesday Blitz"]
[Site "Chess.com"]
[Date "2020.03.03"]
[Round "7"]
[White "Art_Vandelay1980"]
[Black "Artem_Sadovsky"]
[Result "0-1"]
[WhiteElo "2763"]
[BlackElo "2602"]
[TimeControl "180+1"]
[EndTime "10:13:52 PST"]
[Termination "Artem_Sadovsky won by checkmate"]

1. e4 g6 2. d4 Bg7 3. Nf3 d6 4. Be3 c6 5. Nc3 b5 6. Bd3 a5 7. h4 Bg4 8. Qd2 Bxf3 9. gxf3 h5 10. f4 Nf6 11. e5 Ng4 12. Ne4 d5 13. Ng5 e6 14.
Rg1 Bh6 15. O-O-O Bxg5 16. fxg5 Nd7 17. Be2 Nxe3 18. fxe3 Nb6 19. Rgf1 Ra7 20. Rf6 O-O 21. Rdf1 Kg7 22. Bd3 Nd7 23. Qf2 Nxf6 24. gxf6+ Kh7 25. Rg1 Rh8 26. Rg5 Kg8 27. e4 Rh6 28. b3 a4 29. b4 a3 30. Qg2 Qf8 31. c3 Rd7 32. exd5 cxd5 33. Bxb5 Rc7 34. Qc2 Qc8 35. Kd2 Qb8 36.
Bd3 Qb6 37. Qa4 Qb8 38. Qa5 Ra7 39. Qc5 Rc7 40. Qd6 Qc8 41. b5 Rxc3 42. b6 Rc1 43. Qb4 Rh1 44. Bc2 Rh2+ 45. Ke3 Qxc2 46. Qb5 Qe4# 0-1

[Event "*** Titled Tuesday Blitz"]
[Site "Chess.com"]
[Date "2020.03.03"]
[Round "7"]
[White "wonderfultime"]
[Black "Witik"]
[Result "1-0"]
[WhiteElo "3013"]
[BlackElo "2642"]
[TimeControl "180+1"]
[EndTime "10:13:53 PST"]
[Termination "wonderfultime won by resignation"]

1. d4 Nf6 2. Nf3 g6 3. Bg5 Bg7 4. Nbd2 d5 5. c3 O-O 6. e3 Nbd7 7. Bd3 c5 8. O-O Re8 9. Re1 e5 10. dxe5 Nxe5 11. Nxe5 Rxe5 12. Bf4 Re8 13. h3 Bd7 14. Rc1 Bc6 15. Bf1 Qe7 16. Qb3 a6 17. Qa3 a5 18.
Qb3 b5 19. Qc2 Rac8 20. Nf3 Ne4 21. Rcd1 b4 22. c4 Rcd8 23. Be2 g5 24. Bh2 Qf6 25. cxd5 Rxd5 26. Rxd5 Bxd5 27. Bb5 Re6 28. Rd1 Bxa2 29. Qa4 Qxb2 30. Qxa5 Qxf2+ 31. Kh1 Qxe3 32. Qd8+ Bf8 33. Bg1 Ng3+ 34. Kh2 Qf4 35. Qxg5+ Qxg5 36. Nxg5 Rg6 37. h4 Nf5 38. Rd8 Nxh4 39. Bxc5 Rxg5 40. Bxf8 h6 41. Bxh6+ Kh7 42. Bxg5 Nf5 43. Bf6 Kg6 44.
Bb2 Be6 45. Bd3 b3 46. g4 1-0

[Event "*** Titled Tuesday Blitz"]
[Site "Chess.com"]
[Date "2020.03.03"]
[Round "7"]
[White "JSPrepz"]
[Black "Vugar_Manafov"]
[Result "1-0"]
[WhiteElo "2752"]
[BlackElo "2583"]
[TimeControl "180+1"]
[EndTime "10:13:54 PST"]
[Termination "JSPrepz won by resignation"]

1. e4 Nf6 2. e5 Nd5 3. c4 Nb6 4. a4 a5 5. Ra3 d6 6. exd6 cxd6 7. Rg3 Nc6 8. d4 g6 9. h4 h5 10. Nc3 Bg7 11. Be3 Bf5 12. Bd3 Bxd3 13. Qxd3 Rc8 14.
b3 e5 15. Nge2 O-O 16. O-O Re8 17. dxe5 Nxe5 18. Qd2 Ng4 19. Bg5 Bf6 20. Rd1 Re6 21.
Rf3 Bxg5 22. hxg5 Qe7 23. Nf4 Re5 24. Nfd5 Nxd5 25. Nxd5 Qe6 26. g3 Re8 27. Kg2 Re2 28. Qd4 Qe5 29. Qxe5 R8xe5 30. Nf6+ Nxf6 31. gxf6 Re6 32. Rd5 R2e5 33. Rfd3 Rxf6 34. Rxd6 Rxd6 35. Rxd6 Kg7 36. Rb6 Re7 37. Rb5 f6 38. Rxa5 g5 39.
Ra7 Kg6 40. a5 Rf7 41. c5 Rc7 42. b4 h4 43. a6 Rc6 1-0

[Event "*** Titled Tuesday Blitz"]
[Site "Chess.com"]
[Date "2020.03.03"]
[Round "7"]
[White "Sibelephant"]
[Black "Abdimalik_Abdisalimov"]
[Result "0-1"]
[WhiteElo "3040"]
[BlackElo "2824"]
[TimeControl "180+1"]
[EndTime "10:13:55 PST"]
[Termination "Abdimalik_Abdisalimov won on time"]

1. Nf3 c5 2. b3 Nf6 3. Bb2 g6 4. g3 Bg7 5. Bg2 O-O 6. c4 Nc6 7.
O-O d6 8. d4 Bf5 9. d5 Na5 10.
Nc3 a6 11. Nd2 b5 12. cxb5 axb5 13. Nxb5 Qb6 14. Na3 Qa6 15. Nac4 Rfb8 16. e4 Nxc4 17. Nxc4 Bd7 18. a4 Qb7 19. Ra3 Qb4 20. Qa1 Ne8 21.
Bxg7 Nxg7 22. h3 Ne8 23. Kh2 Ra7 24. Re1 Bc8 25. e5 Ba6 26. Ne3 dxe5 27. Qxe5 Nd6 28. Raa1 Qd4 29. Ng4 Rxb3 30. Qg5 f6 31. Qc1 Bd3 32.
Ra2 c4 33. a5 Rb1 34. Qe3 Qxe3 35. Rxe3 h5 36. Nxf6+ exf6 37. Re6 Nf5 38. Rxf6 Kg7 39. Rc6 Nd4 40. Rc8 Nb5 0-1

[Event "*** Titled Tuesday Blitz"]
[Site "Chess.com"]
[Date "2020.03.03"]
[Round "7"]
[White "NemtsevIgor"]
[Black "Gogolev_Artemy"]
[Result "0-1"]
[WhiteElo "2345"]
[BlackElo "2487"]
[TimeControl "180+1"]
[EndTime "10:13:55 PST"]
[Termination "Gogolev_Artemy won by resignation"]

1. d4 Nf6 2. Bf4 g6 3. e3 Bg7 4.
Nf3 O-O 5. Be2 d6 6. O-O Nh5 7.
Bg5 h6 8. Bh4 g5 9. Nfd2 Nf4 10.
exf4 gxh4 11. c3 c5 12. dxc5 dxc5 13. Nf3 Qc7 14. Nxh4 Qxf4 15. g3 Qf6 16. Nd2 Nc6 17. Ne4 Qe5 18. Bf3 Bh3 19. Re1 Rad8 20. Qb3 b6 21.
Qa4 Qc7 22. Nxc5 Ne5 23. Ne4 Nxf3+ 24. Nxf3 e6 25. Rad1 Rxd1 26. Rxd1 Rd8 27. Rxd8+ Qxd8 28. Qc2 Qd5 29. Ned2 Qxa2 30. Qc1 Qd5 31. Qe1 a5 32. Qe3 Bf5 33. Kg2 b5 34. h3 a4 35. g4 Bg6 36. Kg1 Bf8 37. Nd4 b4 38. cxb4 Bxb4 39.
N2f3 Bc5 40. Qc3 Be4 41. Qa5 Bxf3 42. Nxf3 Bxf2+ 43. Kxf2 Qxa5 0-1

[Event "*** Titled Tuesday Blitz"]
[Site "Chess.com"]
[Date "2020.03.03"]
[Round "7"]
[White "rogapa"]
[Black "Zq1"]
[Result "1-0"]
[WhiteElo "2750"]
[BlackElo "2553"]
[TimeControl "180+1"]
[EndTime "10:13:57 PST"]
[Termination "rogapa won on time"]

1. e4 c5 2. Nf3 d6 3. d4 cxd4 4.
Nxd4 Nf6 5. Nc3 Nc6 6. Bg5 e6 7. Qd2 Be7 8. O-O-O Nxd4 9. Qxd4 a6 10. Bxf6 gxf6 11. Be2 b5 12. Bh5 Qc7 13. Qd2 Qc5 14.
g4 b4 15. Ne2 Bb7 16. Ng3 a5 17. Kb1 a4 18. f4 a3 19. b3 O-O 20. Rhe1 Rac8 21. f5 Qe5 22. Qd4 Qxd4 23. Rxd4 d5 24. exd5 Bxd5 25. Rxd5 exd5 26. Rxe7 Kg7 27. Kc1 Rce8 28.
Rxe8 Rxe8 29. Kd2 d4 30. h4 Re3 31. Ne2 Re4 32. Kd3 Re3+ 33. Kd2 Re4 34. Ke1 h6 35. Kf2 Kf8 36. Nc1 Rf4+ 37. Ke2 Re4+ 38. Kd2 Re8 39.
Nd3 Rb8 40. Nc5 Ke7 41. Kd3 Rd8 42. Na6 Rc8 43. Nxb4 Rc3+ 44. Kxd4 Rh3 45. c4 Rxh4 46.
Kc5 Rh2 47. Kb6 Rb2 48. c5 1-0

[Event "*** Titled Tuesday Blitz"]
[Site "Chess.com"]
[Date "2020.03.03"]
[Round "7"]
[White "124chess"]
[Black "dusanacns"]
[Result "1-0"]
[WhiteElo "2483"]
[BlackElo "2623"]
[TimeControl "180+1"]
[EndTime "10:13:59 PST"]
[Termination "124chess won by resignation"]

1. d4 Nf6 2. Nf3 g6 3. e3 Bg7 4.
Be2 O-O 5. O-O c5 6. c4 cxd4 7. exd4 d5 8. Nc3 Nc6 9. Bg5 Be6 10. c5 Ne4 11. Be3 f5 12. Qc1 b6 13. cxb6 Qxb6 14. Na4 Qb7 15. Rd1 Rac8 16. Nc3 Bd7 17. Qb1 e6 18. Bf4 g5 19. Nxg5 Nxd4 20. Bf1 h6 21. Ngxe4 fxe4 22. Be3 Nf5 23. Bf4 e5 24. Bg3 Bc6 25. b4 Qa8 26. Qb3 Rcd8 27. Nxe4 Nd4 28. Rxd4 exd4 29. Nc5 Qc8 30. a4 Be8 31. Rc1 Bg6 32. Nd3 Qf5 33. b5 Rc8 34. Rd1 Rc3 35. Qa2 Qh5 36. Be2 Qg5 37. h4 Qe7 38. Qxd5+ Bf7 39.
Qf3 Bb3 40. Bf4 Bxd1 41. Bxd1 Qf7 42. g3 Qc4 43. Be2 Qxa4 44. Qd5+ Kh8 45. Ne5 Qb3 46.
Ng6+ Kh7 47. Nxf8+ Bxf8 48. Qf5+ Kg8 49. Bf3 Qf7 50.
Bd5 1-0

[Event "*** Titled Tuesday Blitz"]
[Site "Chess.com"]
[Date "2020.03.03"]
[Round "7"]
[White "Boorchess"]
[Black "Leonid_Starozhilov"]
[Result "0-1"]
[WhiteElo "2516"]
[BlackElo "2709"]
[TimeControl "180+1"]
[EndTime "10:14:03 PST"]
[Termination "Leonid_Starozhilov won on time"]

1. c4 Nf6 2. Nf3 g6 3. d4 Bg7 4.
g3 O-O 5. Bg2 d6 6. O-O c6 7.
Nc3 Bf5 8. b3 Ne4 9. Bb2 Nxc3 10. Bxc3 Be4 11. Bh3 Bxf3 12. exf3 e6 13. Qd2 d5 14. c5 Nd7 15. b4 Qf6 16. f4 b6 17.
Bg2 bxc5 18. bxc5 Rfb8 19. Rac1 Rb7 20. Rfe1 Rab8 21. Qc2 Qd8 22. Qa4 Qc7 23. Bf1 a5 24. h4 Rb4 25. Qd1 h5 26. Qd2 Qa7 27. Red1 Bf6 28. Bh3 Kg7 29. Bf1 Kh7 30. Be2 Bg7 31. Qc2 Nf6 32. Bf3 Qd7 33. Qd2 R4b5 34. a4 Rb3 35. Re1 Ne4 36. Bxe4 dxe4 37. Rxe4 Qd5 38.
Rce1 Rb1 39. Re3 R1b3 40. Bxa5 Rb2 41. Qd1 Bxd4 42. R3e2 Rxe2 43. Qxe2 Qxc5 0-1

[Event "*** Titled Tuesday Blitz"]
[Site "Chess.com"]
[Date "2020.03.03"]
[Round "7"]
[White "piscatorox"]
[Black "Oligan22"]
[Result "1/2-1/2"]
[WhiteElo "2269"]
[BlackElo "2391"]
[TimeControl "180+1"]
[EndTime "10:14:05 PST"]
[Termination "Game drawn by repetition"]

1. e4 c6 2. Nf3 d5 3. Nc3 dxe4 4. Nxe4 Nf6 5. Qe2 Qd5 6. Nxf6+ gxf6 7. c4 Qa5 8. Qe4 Na6 9. Be2 Bf5 10. Qf4 h5 11. Nd4 Bg6 12. Nb3 Qg5 13. d4 Nb4 14. O-O Nc2 15. Qc7 Qf5 16. Qxb7 Qc8 17. Qxc8+ Rxc8 18. Rb1 Nxd4 19. Nxd4 Bxb1 20. Bf3 c5 21. Nb5 Bg7 22.
Nxa7 Rb8 23. Nc6 Rb6 24. Rd1 O-O 25. Nxe7+ Kh7 26. Nd5 Rbb8 27. b3 Bg6 28. Be3 Rbc8 29. Ne7 Rc7 30. Nd5 Rcc8 31. Ne7 Rc7 32. Nd5 Ra7 33.
Bxc5 Rxa2 34. Bxf8 Bxf8 35. Nxf6+ Kg7 36. Nxh5+ Kh6 37.
Nf4 Bc2 38. Re1 Bxb3 39. Be2 Bc5 40. g3 Rc2 41. Rf1 Rb2 42. Nd3 Rxe2 43. Nxc5 Bxc4 44.
Nd7 Re7 45. Nf6 Bxf1 46. Kxf1 Kg7 47. Ng4 Ra7 48. Ne3 Ra2 49. Kg2 Kg6 50. Kf3 f6 51. h3 Rb2 52. Kg2 Rb3 53. Kf3 Ra3 54. Kg2 Rb3 55. Kf3 Rb2 56. Kg2 Rb3 1/2-1/2

[Event "*** Titled Tuesday Blitz"]
[Site "Chess.com"]
[Date "2020.03.03"]
[Round "7"]
[White "MITerryble"]
[Black "Bulldog167"]
[Result "0-1"]
[WhiteElo "2916"]
[BlackElo "2762"]
[TimeControl "180+1"]
[EndTime "10:14:06 PST"]
[Termination "Bulldog167 won on time"]

1. d4 Nf6 2. Bg5 c5 3. e3 Qb6 4. Nc3 cxd4 5. exd4 Nc6 6. Nf3 e6 7. a3 Be7 8. Be2 d5 9. O-O Bd7 10. b4 Qd8 11. Bd3 O-O 12. Ne2 Ne4 13. Bxe7 Nxe7 14.
c4 Ng6 15. c5 Qe8 16. a4 a6 17. Qc2 f5 18. Ne5 Nxe5 19. dxe5 Ng5 20. Nd4 Qh5 21. f4 Ne4 22. b5 axb5 23. axb5 Rxa1 24. Rxa1 Qh4 25. Rf1 Rc8 26. c6 bxc6 27. bxc6 Be8 28.
Bb5 Qe7 29. Rb1 Qa7 30. Qb2 h6 31. h3 Kh7 32. Kh2 Qb6 33. Nxe6 Bxc6 34. Bd3 Qe3 35. Bxe4 dxe4 36. Qd4 Qd3 37. Rd1 Qc2 38. Rd2 Qb3 39. Qa7 Qxe6 40. Rd6 Qe8 41. Rf6 e3 42. Rf7 Qg8 43. Re7 e2 44. Qe3 Bb5 45. Rb7 Qc4 46. e6 Qc3 0-1

[Event "*** Titled Tuesday Blitz"]
[Site "Chess.com"]
[Date "2020.03.03"]
[Round "7"]
[White "Turkey-Champion"]
[Black "ronaldbrizuela"]
[Result "1-0"]
[WhiteElo "2521"]
[BlackElo "2634"]
[TimeControl "180+1"]
[EndTime "10:14:06 PST"]
[Termination "Turkey-Champion won on time"]

1. e4 e6 2. d4 d5 3. Nc3 Nf6 4. e5 Nfd7 5. f4 c5 6. Nf3 Nc6 7. Be3 Qb6 8. Na4 Qc7 9. Nxc5 Nxc5 10. dxc5 b6 11. cxb6 axb6 12. Bb5 Bd7 13. O-O Bc5 14. Qd2 Nxe5 15. fxe5 Bxb5 16. Rf2 O-O 17. b4 Bxe3 18. Qxe3 Bc4 19. a3 b5 20. Nd4 Qe7 21. Re1 Ra6 22.
Qg3 h6 23. Kh1 f5 24. h4 g5 25. Nf3 g4 26. Nd4 h5 27. Rf4 Rfa8 28. Re3 Qa7 29. Nxf5 exf5 30. Rxf5 Rg6 31. e6 d4 32. Ree5 Bxe6 33.
Rg5 Bf7 34. Qd3 Qa6 35. Ref5 Kg7 36. Qxd4+ Kg8 37. Rxh5 Rg7 38. Rhg5 Bg6 39. Qd5+ Kh7 40. Rh5+ Bxh5 41. Rxh5+ Qh6 42. Rxh6+ Kxh6 43. Qxa8 g3 44.
Qe4 Rf7 45. Qe3+ 1-0

[Event "*** Titled Tuesday Blitz"]
[Site "Chess.com"]
[Date "2020.03.03"]
[Round "7"]
[White "tbalabayev"]
[Black "Galileo22"]
[Result "1-0"]
[WhiteElo "2452"]
[BlackElo "2299"]
[TimeControl "180+1"]
[EndTime "10:14:06 PST"]
[Termination "tbalabayev won by checkmate"]

1. Nf3 d5 2. g3 Nf6 3. Bg2 g6 4. O-O Bg7 5. d3 O-O 6. Nbd2 c5 7. e4 Nc6 8. Re1 e5 9. exd5 Nxd5 10. Nc4 Re8 11. c3 h6 12. Qb3 Nc7 13. Be3 b6 14.
Nfd2 Bb7 15. Ne4 Bf8 16. Rad1 Kh7 17. Nxc5 Bxc5 18. Bxc5 Re6 19. d4 exd4 20. Bxd4 Rxe1+ 21. Rxe1 Nxd4 22. cxd4 Bxg2 23. Kxg2 Qd5+ 24. f3 Re8 25. Rxe8 Nxe8 26. Qd3 Nf6 27. a3 Kg7 28. Ne5 h5 29. Kf2 Qd6 30. Qc4 Qe7 31. Nc6 Qd7 32. Ne5 Qe7 33.
Qd3 Qd6 34. Qe3 h4 35. gxh4 Nh5 36. Qe4 Qe6 37. d5 Qf6 38. Nd3 Qxb2+ 39. Nxb2 Nf6 40. Qd4 g5 41. d6 Kg6 42. d7 Kh5 43. d8=Q gxh4 44.
Q4xf6 h3 45. Qg5# 1-0

[Event "*** Titled Tuesday Blitz"]
[Site "Chess.com"]
[Date "2020.03.03"]
[Round "7"]
[White "SnekkerAndersen"]
[Black "Spring199"]
[Result "1/2-1/2"]
[WhiteElo "2489"]
[BlackElo "2265"]
[TimeControl "180+1"]
[EndTime "10:14:07 PST"]
[Termination "Game drawn by repetition"]

1. e3 e5 2. Ke2 d5 3. Qe1 c5 4. Kd1 Nc6 5. d3 Nf6 6. Nd2 Bd6 7. b3 O-O 8. Bb2 b5 9. a4 b4 10. e4 dxe4 11. Nxe4 Nxe4 12. Qxe4 Bb7 13. Nf3 h6 14. Be2 Qd7 15. Rg1 f5 16. Qe3 Rae8 17. Nd2 Nd4 18.
f3 Qf7 19. Nc4 Bb8 20. Qd2 e4 21. dxe4 fxe4 22. Bxd4 Rd8 23. Ne3 Rxd4 24. Bc4 Rxd2+ 25. Kxd2 Rd8+ 26. Ke2 Bd5 27. Nxd5 Rxd5 28. Rad1 Kh7 29. Bxd5 exf3+ 30. gxf3 Qe7+ 31. Be4+ Kh8 32. Rg6 Be5 33. Rd5 Bf6 34. Rg1 a5 35. Kd3 Qc7 36. Kc4 Qxh2 37. Rgd1 g5 38. Rd7 Qe5 39. R1d5 Qc3+ 40. Kb5 c4 41. bxc4 b3 42. cxb3 Qxb3+ 43. Kc5 Qxa4 44. Rf7 Qb4+ 45. Kc6 Qxc4+ 46. Kd6 Bb2 47. Ke6 Qc6+ 48.
Rd6 Qc4+ 49. Rd5 Qc8+ 50. Rdd7 Qe8+ 51. Rde7 Qc8+ 52. Rd7 Qa6+ 53. Rd6 Qc8+ 54. Rdd7 1/2-1/2